 Dungeon Crawl Stone Soup version 0.23.1-41-g7e51ed32d8 (webtiles) character file.

Game seed: 5847504507811305193

16230 Norn the Fighter (level 12, -1/115 HPs)
             Began as a Pale Draconian Transmuter on Mar 30, 2019.
             Was a High Priest of Okawaru.
             Slain by a black mamba (12 damage)
             ... on level 3 of the Lair of Beasts.
             The game lasted 00:58:40 (18942 turns).

Norn the Fighter (Pale Draconian Transmuter)       Turns: 18942, Time: 00:58:41

Health: -1/115     AC: 12    Str: 13    XL:     12   Next: 8%
Magic:  17/22      EV: 11    Int: 18    God:    Okawaru [*****.]
Gold:   709        SH:  0    Dex: 12    Spells: 10/25 levels left

rFire    . . .     SeeInvis .     - Unarmed
rCold    . . .     Gourm    .   (shield currently unavailable)
rNeg     . . .     Faith    +   (armour unavailable)
rPois    .         Spirit   .   (helmet restricted)
rElec    .         Reflect  .   T - +0 cloak
rCorr    .         Harm     .   (gloves currently unavailable)
MR       .....                  (no boots)
Stlth    +.........             G - amulet of faith {!P}
HPRegen  0.29/turn              h - +3 ring of protection
MPRegen  0.18/turn              (no ring)

@: about to teleport, blade hands (expiring), very slightly contaminated,
heavily drained
A: breathe steam, unfitting armour, cold-blooded, AC +8
a: Breathe Steam, End Transformation, Heroism, Finesse, Renounce Religion


You were on level 3 of the Lair of Beasts.
You worshipped Okawaru.
Okawaru was extremely pleased with you.
You were not hungry.
You had blades for hands.
You visited 3 branches of the dungeon, and saw 15 of its levels.
You also visited: Sewer.

You collected 709 gold pieces.

Inventory:

Hand Weapons
 A - a +0 blowgun
   (You took it off a kobold in a sewer)
Missiles
 a - 103 arrows
 c - 2 throwing nets {!f}
 f - 273 stones (quivered)
 s - 18 javelins
 z - 78 poisoned needles
 S - 4 curare-tipped needles {!f}
Armour
 M - a +0 pair of boots
   (You found it on level 1 of the Lair of Beasts)
 O - a +0 buckler of protection
   (Okawaru gifted it to you on level 10 of the Dungeon)
 P - the +3 hat of Pondering {ponderous, MR+ MP+10 Int+5}
   (You took it off Gastronok on level 10 of the Dungeon)

   It affects your intelligence (+5).
   It affects your resistance to hostile enchantments.
   It affects your magic capacity (+10).
 T - a +0 cloak (worn)
   (You found it on level 1 of the Dungeon)
Magical Staves
 q - an uncursed staff of conjuration {!a}
   (You found it on level 4 of the Dungeon)
Jewellery
 h - a +3 ring of protection (left scythe-like blade)
   (You found it on level 2 of the Dungeon)
 D - an uncursed amulet of rage
   (You found it on level 5 of the Dungeon)
 G - an amulet of faith (around neck) {!P}
   (You found it on level 6 of the Dungeon)
 I - an uncursed amulet of magic regeneration {unknown}
   (You found it on level 8 of the Dungeon)
 J - a cursed ring of attention {unknown}
   (You found it on level 8 of the Dungeon)
 L - an uncursed ring of wizardry {unknown}
   (You found it on level 9 of the Dungeon)
Wands
 d - a wand of iceblast (8)
   (You found it on level 2 of the Lair of Beasts)
 v - a wand of digging (6)
   (You found it on level 8 of the Dungeon)
Scrolls
 b - 5 scrolls of identify {@r1}
 k - a scroll of enchant armour
 l - 5 scrolls of teleportation {@r4}
 o - 2 scrolls of enchant weapon {unknown}
 u - 4 scrolls of immolation {unknown}
 x - 2 scrolls of amnesia {unknown}
 y - 8 scrolls of remove curse {@r2}
 B - 3 scrolls of magic mapping
 E - a scroll of fear {unknown}
 H - a scroll of noise {unknown}
 N - a scroll of fog {unknown}
 R - a scroll of brand weapon {unknown}
Potions
 g - a potion of resistance {unknown}
 i - 4 potions of might
 j - 8 potions of curing {@q1}
 m - a potion of magic {unknown}
 n - 3 potions of degeneration {unknown}
 p - 5 potions of heal wounds {unknown}
 r - a potion of cancellation {unknown}
 t - 3 potions of agility {unknown}
 w - 3 potions of haste {unknown}
 C - a potion of flight {unknown}
 F - 2 potions of lignification {unknown}
 K - 2 potions of brilliance {unknown}
Miscellaneous
 Q - a box of beasts
Comestibles
 e - 15 rations {!d}
 U - a chunk of flesh


   Skills:
 + Level 13.2(11.4) Fighting
 - Level 1.7(0.4) Dodging
 - Level 10.0(8.3) Unarmed Combat
 * Level 7.0(5.5) Spellcasting
 - Level 10.2(8.5) Transmutations


You had 10 spell levels left.
You knew the following spells:

 Your Spells              Type           Power        Failure   Level  Hunger
a - Beastly Appendage     Tmut           #####.       11%         1    None
b - Blade Hands           Tmut           #####.....   47%         5    ######.
c - Ice Form              Ice/Tmut       ###.....     65%         4    ####...
s - Sticks to Snakes      Tmut           #####...     12%         2    #......
x - Spider Form           Tmut/Pois      ###.......   36%         3    ##.....

Your spell library contained the following spells:

 Spells                   Type           Power        Failure   Level  Hunger
 Passwall                 Tmut/Erth      ###.....     26%         2    #......
 Corona                   Hex            #......      52%         1    None
 Flame Tongue             Conj/Fire      #....        52%         1    None
 Sandblast                Erth           #.....       52%         1    None
 Shock                    Conj/Air       #...         52%         1    None
 Ensorcelled Hibernation  Hex/Ice        #.....       61%         2    #......
 Petrify                  Tmut/Erth      ###.....     65%         4    ####...
 Confuse                  Hex            #.......     78%         3    ##.....
 Dazzling Spray           Conj/Hex       #.....       78%         3    ##.....
 Static Discharge         Conj/Air       #.......     78%         3    ##.....
 Stone Arrow              Conj/Erth      #.....       78%         3    ##.....
 Tukima's Dance           Hex            #.......     78%         3    ##.....
 Bolt of Magma            Conj/Fire/Erth #.........   100%        5    ######.
 Iskenderun's Battlesphe  Conj/Chrm      #.......     100%        5    ######.
 Lee's Rapid Deconstruct  Erth           #.........   100%        5    ######.
 Metabolic Englaciation   Hex/Ice        #.........   100%        5    ######.
 Venom Bolt               Conj/Pois      #.........   100%        5    ######.
 Bolt of Cold             Conj/Ice       #.........   100%        6    #######
 Freezing Cloud           Conj/Ice/Air   #.........   100%        6    #######
 Iron Shot                Conj/Erth      #.........   100%        6    #######
 Ozocubu's Refrigeration  Ice            #.........   100%        6    #######
 Simulacrum               Ice/Necr       #.........   100%        6    #######
 Malign Gateway           Summ/Tloc      #.........   100%        7    #######
 Orb of Destruction       Conj           #.........   100%        7    #######
 Spellforged Servitor     Conj/Summ      #.........   100%        7    #######
 Disjunction              Tloc           #.........   100%        8    #######


Dungeon Overview and Level Annotations

Branches:
Dungeon (11/15)            Temple (1/1) D:6            Lair (3/6) D:9
    Orc (0/2) D:11
  Swamp: Lair:2-4    Shoals: Lair:2-4     Snake: Lair:2-4    Spider: Lair:2-4

Altars:
Ashenzari
Cheibriados
Dithmenos
Elyvilon
Fedhas
Gozag
Hepliaklqana
Kikubaaqudgha
Makhleb
Nemelex Xobeh
Okawaru
Qazlal
Ru
Sif Muna
Trog
Uskayaw
Vehumet
Wu Jian
Xom
Yredelemnul
Zin
The Shining One

Shops:
D:4 [   D:11 (

Portals:
Trove: D:10 (give +5 demon whip)

Annotations:
D:2 1 runed translucent door, Crazy Yiuf
D:3 2 runed translucent doors, heintsi's ghost, amateur HaHu
D:5 2 transporters, Struensee's ghost, novice OgBe


Innate Abilities, Weirdness & Mutations

You can breathe blasts of scalding, opaque steam.
Your pale cyan-grey scales are hard. (AC +8)
You cannot fit into any form of body armour.
You are cold-blooded and may be slowed by cold attacks.


Message History

You closely miss the black mamba.
Your tail-slap misses the black mamba.
You feel sick. The black mamba bites you.
* * * LOW HITPOINT WARNING * * *
The adder closely misses you.
You hit the black mamba.
You feel sick. The black mamba bites you!
* * * LOW HITPOINT WARNING * * *
The adder bites you but does no damage. The black mamba bites you!
* * * LOW HITPOINT WARNING * * *
You are more poisoned.
The black mamba poisons you!
You feel better. The black mamba completely misses you.
The adder barely misses you.
The black mamba bites you but does no damage.
The adder bites you.
* * * LOW HITPOINT WARNING * * *
You miscast Spider Form.
You are very lightly contaminated with residual magic.
You are poisoned.
You feel sick. x2
The black mamba bites you but does no damage.
The adder closely misses you. The black mamba bites you!
* * * LOW HITPOINT WARNING * * *
You are more poisoned.
The black mamba poisons you!
You feel better.
The black mamba bites you but does no damage.
The adder barely misses you.
The black mamba bites you but does no damage.
The adder barely misses you.
Your transformation is almost over.
The black mamba closely misses you.
Okay, then.
The adder closely misses you. The black mamba bites you.
* * * LOW HITPOINT WARNING * * *
You feel better.
The black mamba bites you but does no damage.
The adder closely misses you.
The black mamba bites you but does no damage.
As you read the scroll of teleportation {@r4}, it crumbles to dust.
You feel strangely unstable. The adder bites you.
* * * LOW HITPOINT WARNING * * *
You are poisoned.
The adder poisons you! The black mamba misses you.
The adder bites you but does no damage.
You feel sick. The black mamba bites you.
* * * LOW HITPOINT WARNING * * *
The black mamba bites you!
* * * LOW HITPOINT WARNING * * *
You feel better. The black mamba bites you!
You die...

### .(.(#.....≈≈.≈.≈..≈...#.
#..####.......≈≈≈≈.≈.≈......#.
.............♣≈≈≈≈≈≈........#.
............♣.≈..≈≈.≈..≈≈.≈♣..
####.#......♣≈≈≈≈≈.≈.≈........
#...†.........≈.≈.≈≈≈≈≈...
##.......≈.≈≈..≈.≈≈..≈....
#......S.......≈≈≈≈≈≈♣#..
#......S@....≈.≈.≈≈≈≈..#.
#........♣≈..≈.≈.≈≈......
###.###...♣....≈≈≈≈♣##.## ###
###....≈.≈.♣♣♣ ### #.......♣#
###.....# ##.##.# ######


You could see a black mamba and an adder.

Vanquished Creatures
  Gastronok (D:10)
  4 two-headed ogres
  A black mamba (Lair:1)
  A spiny frog (Lair:3)
  A gargoyle (D:10)
  A komodo dragon (Lair:2)
  A troll (D:9)
  A slime creature (D:7)
  8 blink frogs (Lair:2)
  2 hippogriffs
  Sigmund (D:2)
  11 yaks
  Grum (D:10)
  Menkaure (D:7)
  Edmund (D:6)
  8 porcupines
  A water moccasin (Lair:3)
  2 black bears
  3 ice beasts
  2 orc warriors
  3 phantoms
  An ogre (D:4)
  2 centaurs
  5 crocodiles
  8 wolves
  A big kobold (Sewer)
  6 bullfrogs
  A gnoll sergeant (D:7)
  2 water moccasin zombies
  A wyvern zombie (D:6)
  2 scorpions
  7 killer bees
  6 wights
  2 electric eels (Lair:3)
  A bullfrog zombie (D:10)
  3 crimson imps (D:10)
  A centaur zombie (D:8)
  6 hounds
  6 jellies
  2 quasits (D:10)
  6 orc priests
  An iron imp (D:5)
  A bullfrog skeleton (D:4)
  A gnoll shaman (D:5)
  6 worker ants
  6 iguanas
  Natasha (thrice) (D:2)
  9 orc wizards
  2 hound skeletons
  10 gnolls
  7 adders
  8 river rats
  2 oozes (Sewer)
  3 worms
  3 dart slugs
  6 leopard geckos
  23 orcs
  8 ball pythons
  10 giant cockroaches
  11 goblins
  5 hobgoblins
  13 jackals
  31 kobolds
  4 quokkas
  13 bats
  5 frilled lizards
  A jackal skeleton (D:4)
  A leopard gecko skeleton (D:8)
  A quokka skeleton (D:4)
  A quokka zombie (D:6)
  27 rats
346 creatures vanquished.

Vanquished Creatures (collateral kills)
  Sonja (Lair:2)
  A wight (D:10)
  2 adders
  2 gnolls (D:5)
6 creatures vanquished.

Vanquished Creatures (others)
  An orc (D:5)
  A bush (D:9)
  10 fungi (D:9)
  3 plants (D:9)
15 creatures vanquished.

Grand Total: 367 creatures vanquished

Notes
Turn   | Place    | Note
-------+----------+-------------------------------------------
     0 | D:1      | Norn the Draconian Transmuter began the quest for the Orb.
     0 | D:1      | Reached XP level 1. HP: 16/16 MP: 3/3
   119 | D:1      | Reached XP level 2. HP: 17/23 MP: 3/5
   468 | D:1      | Learned a level 2 spell: Sticks to Snakes
   549 | D:1      | Reached skill level 2 in Fighting
   651 | D:1      | Reached XP level 3. HP: 29/29 MP: 4/6
  1238 | D:2      | Learned a level 3 spell: Spider Form
  1302 | D:2      | Noticed Natasha
  1331 | D:2      | Killed Natasha
  1331 | D:2      | Reached XP level 4. HP: 25/37 MP: 2/7
  1388 | D:2      | Noticed Natasha
  1401 | D:2      | Killed Natasha
  1594 | D:2      | Noticed Sigmund
  1600 | D:2      | Noticed Natasha
  1612 | D:2      | Killed Natasha
  1612 | D:2      | Reached skill level 3 in Fighting
  1612 | D:2      | Reached skill level 5 in Unarmed Combat
  1720 | D:2      | Found a runed translucent door.
  1721 | D:2      | Noticed Crazy Yiuf
  1856 | D:2      | Reached XP level 5. HP: 44/45 MP: 6/8
  1929 | D:2      | You fall through a shaft!
  2659 | D:2      | Killed Sigmund
  2659 | D:2      | Reached skill level 4 in Fighting
  2659 | D:2      | Reached XP level 6. HP: 21/52 MP: 6/10
  3051 | D:3      | Found a runed translucent door.
  3056 | D:3      | Noticed heintsi's ghost (amateur HaHu)
  4186 | D:3      | Found a runed translucent door.
  4648 | D:4      | Your scales start taking on a pale cyan-grey colour.
  4648 | D:4      | Reached XP level 7. HP: 60/60 MP: 9/12
  4751 | D:4      | Found Giss's Antique Armour Shop.
  5266 | D:4      | Reached skill level 5 in Fighting
  5577 | D:5      | Entered Level 5 of the Dungeon
  5608 | D:5      | Found a glowing drain.
  5612 | Sewer    | Entered a sewer
  6556 | D:5      | Noticed Struensee's ghost (novice OgBe)
  6559 | D:5      | Found a transporter.
  6582 | D:5      | Found a white marble altar of Elyvilon.
  6603 | D:5      | Found a deep blue altar of Sif Muna.
  6605 | D:5      | Found an ornate altar of the Wu Jian Council.
  6608 | D:5      | Found a hide-covered altar of Uskayaw.
  6667 | D:5      | Found an opulent altar of Gozag.
  6686 | D:5      | Reached skill level 5 in Transmutations
  6790 | D:5      | Reached skill level 6 in Fighting
  6794 | D:5      | Reached XP level 8. HP: 40/70 MP: 11/14
  7159 | D:5      | Found a transporter.
  7292 | D:5      | Found a snail-covered altar of Cheibriados.
  7885 | D:6      | Found a staircase to the Ecumenical Temple.
  7893 | D:6      | Noticed a two-headed ogre
  7937 | D:6      | Killed a two-headed ogre
  7937 | D:6      | Reached skill level 7 in Fighting
  7937 | D:6      | Reached XP level 9. HP: 47/79 MP: 11/15
  7971 | Temple   | Entered the Ecumenical Temple
  8172 | Temple   | Became a worshipper of Warmaster Okawaru
  8256 | D:6      | Noticed Edmund
  8302 | D:6      | Killed Edmund
  8865 | D:7      | Reached skill level 8 in Fighting
  8900 | D:7      | Reached * piety under Okawaru
  9279 | D:7      | Found a radiant altar of Vehumet.
  9341 | D:7      | Found an ancient bone altar of Kikubaaqudgha.
 10117 | D:7      | Noticed Menkaure
 10133 | D:7      | Killed Menkaure
 10220 | D:7      | Reached ** piety under Okawaru
 10343 | D:7      | Identified Ijoem's Incunabulum of Dislocated Combat Magic
 10558 | D:8      | Reached skill level 10 in Unarmed Combat
 10574 | D:8      | Reached skill level 9 in Fighting
 10728 | D:8      | You fall through a shaft for 3 floors!
 10792 | D:11     | Reached XP level 10. HP: 81/91 MP: 12/16
 10812 | D:11     | Reached *** piety under Okawaru
 11147 | D:11     | Found Xaicwas's Weapon Shoppe.
 11178 | D:10     | Entered Level 10 of the Dungeon
 11244 | D:10     | Noticed a gargoyle
 12413 | D:8      | Reached skill level 10 in Fighting
 13034 | D:8      | Noticed a two-headed ogre
 13043 | D:8      | Killed a two-headed ogre
 13043 | D:8      | Reached **** piety under Okawaru
 13052 | D:8      | Learned a level 5 spell: Blade Hands
 13277 | D:9      | Noticed a two-headed ogre
 13292 | D:9      | Killed a two-headed ogre
 13292 | D:9      | Reached ***** piety under Okawaru
 13839 | D:9      | Found a staircase to the Lair.
 14391 | D:10     | Reached XP level 11. HP: 101/101 MP: 13/17
 14433 | D:10     | Noticed Grum
 14437 | D:10     | Noticed Gastronok
 14450 | D:10     | Killed Grum
 15143 | D:10     | Noticed a two-headed ogre
 15153 | D:10     | Killed a two-headed ogre
 15153 | D:10     | Received a gift from Okawaru
 15153 | D:10     | Reached skill level 11 in Fighting
 15153 | D:10     | Reached skill level 10 in Transmutations
 15344 | D:10     | Learned a level 4 spell: Ice Form
 15462 | D:10     | Killed Gastronok
 15462 | D:10     | Reached skill level 12 in Fighting
 15668 | D:10     | Found a portal to a secret trove of treasure.
 16009 | Lair:1   | Entered Level 1 of the Lair of Beasts
 16295 | Lair:1   | Reached skill level 5 in Spellcasting
 17387 | Lair:2   | Reached skill level 13 in Fighting
 17835 | Lair:2   | Noticed Sonja
 17874 | Lair:2   | Killed Sonja
 17874 | Lair:2   | Received a gift from Okawaru
 17874 | Lair:2   | Reached XP level 12. HP: 87/115 MP: 3/22
 18931 | Lair:3   | HP: 2/115 [black mamba (9)]
 18941 | Lair:3   | HP: 2/115 [black mamba (8)]
 18942 | Lair:3   | Slain by a black mamba

Skill      XL: |  1  2  3  4  5  6  7  8  9 10 11 12 |
---------------+-------------------------------------+-----
Fighting       | 2 3 4 6 7 9 10 13 | 13.2
Unarmed Combat | 4 5 8 10 | 10.0
Transmutations | 3 5 9 10 | 10.2
Spellcasting   | 3 4 6 7 |  7.0
Dodging        | |  1.7

Action                   |  1- 3 |  4- 6 |  7- 9 | 10-12 || total
-------------------------+-------+-------+-------+-------++-------
Melee: Unarmed           |   113 |   229 |   444 |   387 ||  1173
       Tailslap          |    11 |    11 |    18 |     8 ||    48
       Headbutt          |     2 |     4 |     1 |       ||     7
       Kick              |     2 |    11 |     3 |       ||    16
       Punch             |       |     1 |     2 |     1 ||     4
Throw: Stone             |       |     3 |     2 |       ||     5
 Cast: Beastly Appendage |    12 |    15 |     5 |     2 ||    34
       Spider Form       |     1 |    12 |    49 |    37 ||    99
       Sticks to Snakes  |     1 |       |     7 |    12 ||    20
       Blade Hands       |       |       |       |    14 ||    14
 Abil: End Transformatio |       |       |       |     5 ||     5
  Use: Scroll            |       |     4 |     5 |     3 ||    12
       Potion            |       |       |       |     5 ||     5
 Stab: Sleeping          |       |     1 |     1 |     1 ||     3
       Distracted        |       |       |     1 |     3 ||     4
  Eat: Chunk             |     2 |    12 |    16 |    23 ||    53
       Ration            |       |       |     3 |     3 ||     6
Armor: Skin              |    40 |    59 |    93 |    76 ||   268
Dodge: Dodged            |    85 |   161 |   357 |   284 ||   887
